 Dungeon Crawl Stone Soup version 0.25-a0-942-g87a53962fc (webtiles) character file.

Game seed: 1206190154813748895, levelgen mode: deterministic

534 Maedhros the Poker (level 7, -2/46 HPs)
             Began as an Octopode Fighter on May 6, 2020.
             Was an Initiate of Qazlal.
             Killed from afar by an orc wizard (8 damage)
             ... with a magic dart
             ... on level 4 of the Dungeon.
             The game lasted 00:03:06 (4882 turns).

Maedhros the Poker (Octopode Fighter)               Turns: 4882, Time: 00:03:06

Health: -2/46      AC:  1    Str: 15    XL:     7   Next: 25%
Magic:  7/7        EV: 12    Int: 11    God:    Qazlal [......]
Gold:   208        SH:  9    Dex: 15    Spells: 6/6 levels left

rFire    + . .     SeeInvis .   a - +0 trident
rCold    + . .     Gourm    .   b - +0 kite shield
rNeg     . . .     Faith    .   (helmet restricted)
rPois    +         Spirit   .   (no amulet)
rElec    +         Reflect  .   h - ring of flight
rCorr    +         Harm     .   n - +2 ring of dexterity
MR       .....                  (no ring)
Stlth    ++........             (no ring)
HPRegen  0.15/turn              (no ring)
MPRegen  0.10/turn              (no ring)
                                (no ring)
                                (no ring)

@: resistant, flying
A: almost no armour, stealthy swim, amphibious, 8 rings, constrict 8, camouflage
1, gelatinous body 1
a: Renounce Religion


You were on level 4 of the Dungeon.
You worshipped Qazlal.
Qazlal was noncommittal.
You were not hungry.

You visited 2 branches of the dungeon, and saw 5 of its levels.

You collected 208 gold pieces.

Inventory:

Hand Weapons
 a - a +0 trident (weapon)
Armour
 b - a +0 kite shield (worn)
Jewellery
 h - a ring of flight (left tentacle)
 n - a +2 ring of dexterity (right tentacle)
Wands
 r - a wand of acid (2)
Scrolls
 f - 6 scrolls of identify {unknown}
 g - 4 scrolls of teleportation {unknown}
 i - a scroll of remove curse {unknown}
 j - a scroll of random uselessness {unknown}
 k - a scroll of fear {unknown}
 m - a scroll of enchant armour {unknown}
 o - a scroll of enchant weapon {unknown}
Potions
 c - 2 potions of might
Comestibles
 d - 9 rations
 q - 4 chunks of flesh


   Skills:
 - Level 3.0 Fighting
 + Level 7.7 Polearms
 - Level 3.0 Dodging
 - Level 3.0 Shields


You had 6 spell levels left.
You didn't know any spells.
Your spell library was empty.

Dungeon Overview and Level Annotations

Branches:
Dungeon (4/15)             Temple (1/1) D:4

Altars:
Ashenzari
Cheibriados
Dithmenos
Elyvilon
Fedhas
Gozag
Hepliaklqana
Kikubaaqudgha
Makhleb
Nemelex Xobeh
Okawaru
Qazlal
Ru
Sif Muna
Trog
Uskayaw
Vehumet
Wu Jian
Xom
Yredelemnul
Zin
The Shining One
Beogh

Annotations:
D:3 3 runed translucent doors, droidenko's ghost, amateur DrBe


Innate Abilities, Weirdness & Mutations

You cannot wear most types of armour.
You are very stealthy in the water. (Stealth+)
You are amphibious.
You can wear up to eight rings at the same time.
You can use your tentacles to constrict eight enemies at once.
Your skin changes colour to match your surroundings (Stealth+).
Your rubbery body absorbs attacks. (AC +1, EV +1)


Message History

It was a potion of heal wounds.
You feel much better.
You constrict the orc wizard.
You kill the orc wizard!
Qazlal accepts your kill. Something hits you. x2
* * * LOW HITPOINT WARNING * * *
Okay, then.
Okay, then.
Evoke which item? (* to show all) (? for menu, Esc to quit)
Aiming: Corrosive Bolt
Press: ? - help, Shift-Dir - straight line, f - you Something hits you.
* * * LOW HITPOINT WARNING * * *
Evoke which item? (* to show all) (? for menu, Esc to quit)
Aiming: Corrosive Bolt
Press: ? - help, Shift-Dir - straight line, f - you You hear some strange, mumbled words.
A magic dart appears from out of thin air!
The magic dart hits you!
You die...

##..............#.).###..#
#..###
......#.......####).##..##
##.... ....###....#.##
##..#..# #.....
....###....#.# #.....#
#..###. ##...........#
##........# #.
#####........# #........#
#. .# ###......##
###..###...# #. .##
#.......###......##...# ..
..#
#.........@))###.....## ..
..## #....#...{)..# ##. .#
..# ...####...#.....#..#
.# #...##...##.##..##..#
##...#...#.####.# #.#
##.....##.# #.# #.#
######..## ### ## #.## ###


There were no monsters in sight!

Vanquished Creatures
  An orc warrior (D:4)
  An ogre (D:4)
  A bullfrog (D:3)
  A howler monkey (D:4)
  A jelly (D:4)
  2 orc wizards (D:4)
  An orc priest (D:4)
  Crazy Yiuf (D:2)
  4 adders
  2 oozes
  2 adder skeletons (D:4)
  2 worms (D:2)
  4 leopard geckos
  14 orcs
  4 bats
  2 giant cockroaches
  3 goblins (D:1)
  3 hobgoblins (D:1)
  2 frilled lizards
  5 kobolds
  3 rats
59 creatures vanquished.

Notes
Turn   | Place    | Note
-------+----------+-------------------------------------------
     0 | D:1      | Maedhros the Octopode Fighter began the quest for the Orb.
     0 | D:1      | Reached XP level 1. HP: 16/16 MP: 1/1
   228 | D:1      | Reached XP level 2. HP: 21/21 MP: 2/2
   388 | D:1      | Reached skill level 3 in Polearms
  1089 | D:2      | Reached XP level 3. HP: 26/26 MP: 3/3
  1496 | D:2      | Reached skill level 4 in Polearms
  1588 | D:2      | Found a runed translucent door.
  1589 | D:2      | Noticed Crazy Yiuf
  1976 | D:2      | Killed Crazy Yiuf
  1976 | D:2      | Reached XP level 4. HP: 31/31 MP: 4/4
  2113 | D:3      | Found a hazy altar of Hepliaklqana.
  2121 | D:3      | Found a runed translucent gate.
  2122 | D:3      | Found a runed translucent gate.
  2122 | D:3      | Found a runed translucent gate.
  2122 | D:3      | Noticed droidenko's ghost (amateur DrBe)
  2124 | D:3      | Found a roughly hewn altar of Beogh.
  3198 | D:4      | Noticed a bullfrog
  3209 | D:3      | Reached skill level 5 in Polearms
  3209 | D:3      | Reached XP level 5. HP: 15/36 MP: 5/5
  3661 | D:4      | Reached skill level 6 in Polearms
  3661 | D:4      | Reached XP level 6. HP: 13/42 MP: 6/6
  3958 | D:4      | HP: 2/42 [orc priest/divine providence (16)]
  4284 | D:4      | Found a staircase to the Ecumenical Temple.
  4297 | Temple   | Entered the Ecumenical Temple
  4374 | Temple   | Became a worshipper of Xom of Chaos
  4400 | Temple   | Fell from the grace of Xom
  4400 | Temple   | Became a worshipper of Qazlal Stormbringer
  4709 | D:4      | Reached skill level 7 in Polearms
  4858 | D:4      | Noticed an orc warrior
  4869 | D:4      | Killed an orc warrior
  4869 | D:4      | Reached XP level 7. HP: 38/46 MP: 7/7
  4882 | D:4      | Killed from afar by an orc wizard

Levels and vault maps discovered:
D:1:      ebering_trefoil_twist, layout_basic
D:2:      layout_loops_corners, uniq_crazy_yiuf_cottage
D:3:      layout_loops_corners, lemuel_round_altar, biasface_ghost_orc_armoury
D:4:      layout_layer_cave, minmay_temple_entry_statues_fountains
Temple:   nicolae_temple_the_god_donut

Skill      XL: |  1  2  3  4  5  6 |
---------------+-------------------+-----
Polearms       | 3 4 5 6 7 |  7.7
Fighting       | |  3.0
Dodging        | |  3.0
Shields        | |  3.0

Action                   |  1- 3 |  4- 6 |  7- 9 || total
-------------------------+-------+-------+-------++-------
Melee: Trident           |    70 |    82 |     7 ||   159
       Constrict         |    13 |    23 |     1 ||    37
       Tentacles         |     6 |    16 |     1 ||    23
Evoke: Wand              |       |     1 |     2 ||     3
  Use: Potion            |       |     4 |     3 ||     7
 Stab: Sleeping          |     7 |     3 |       ||    10
  Eat: Chunk             |     3 |     9 |       ||    12
Armor: Skin              |     3 |     2 |       ||     5
Dodge: Dodged            |    25 |    36 |     4 ||    65
Block: Kite shield       |    20 |    28 |     3 ||    51

Table legend:
 A = Non-vault XP
 B = Vault XP
 C = Vault XP percentage of total XP
 D = Non-vault monster count
 E = Vault monster count
 F = Vault count percentage of total count
                 A         B        C        D         E       F
            +---------+---------+-------+---------+---------+-------
      Total |     725 |      39 |   5.1 |      58 |       1 |   1.7
            +---------+---------+-------+---------+---------+-------
        D:1 |      30 |       0 |   0.0 |      13 |       0 |   0.0
        D:2 |      48 |      39 |  44.8 |      14 |       1 |   6.7
        D:3 |     160 |       0 |   0.0 |      14 |       0 |   0.0
        D:4 |     487 |       0 |   0.0 |      17 |       0 |   0.0
            +---------+---------+-------+---------+---------+-------
